[Event "Late-Titled-Tuesday-Blitz-April-02-2024"]
[Site "Chess.com"]
[Date "2024.04.02"]
[Round "10"]
[White "alexrustemov"]
[Black "djano"]
[Result "1/2-1/2"]
[WhiteElo "2856"]
[BlackElo "2656"]
[TimeControl "180+1"]
[EndTime "15:56:31 PDT"]
[Termination "Game drawn by 50-move rule"]

1. d4 b6 2. Nf3 Bb7 3. g3 Bxf3 4. exf3 Nf6 5. f4 d5 6. Nd2 e6 7. Nf3 Bd6 8. Bd3 O-O 9. O-O c5 10. c3 Nc6 11. Be3 cxd4 12. Nxd4 Nxd4 13. Bxd4 Bc5 14. Bc2 Rc8 15. Re1 Qc7 16. Bxf6 gxf6 17. f5 e5 18. Qxd5 Rfd8 19. Qf3 Qc6 20. Be4 Qb5 21. Re2 Kf8 22.
Kg2 Ke7 23. a4 Qc4 24. Bc2 Qd5 25. Qxd5 Rxd5 26. Be4 Rd7 27. a5 Rcd8 28. b4 Bd6 29. axb6 axb6 30. Ra6 Rc8 31. Rxb6 Rxc3 32. b5 Bc5 33. Ra6 Rb3 34. Bc6 Rd4 35. Raa2 Rdb4 36. Rad2 Bd4 37. Rc2 Kd6 38. Be8 Ke7 39. Bc6 Kd6 40.
Kh3 h6 41. Ra2 Rb2 42. Raxb2 Rxb2 43. Rxb2 Bxb2 44. Kg4 Bd4 45. f3 Ke7 46. Bd5 Bg1 47. h4 Bf2 48. Kh3 Kf8 49. Kg2 Be1 50. b6 Ba5 51. b7 Bc7 52. Kf2 Ke7 53. g4 Bb8 54. Ke2 Kf8 55. Kd3 Ke7 56. Kc4 Kd6 57. Bxf7 Ba7 58.
Bd5 Kc7 59. Be4 Kd6 60. Kb5 Kc7 61. Bd5 Kd6 62. Ka6 Bb8 63. Be4 Kc7 64. Ka5 Ba7 65.
Kb5 Bf2 66. Bd5 Bxh4 67. Be4 Bf2 68. Kc4 Kd6 69. Bd5 Kc7 70. Be4 Ba7 71. Kc3 Kd6 72. Kd3 Bb8 73. Ke2 Ke7 74. Kf2 Kf8 75. Kg3 Kg7 76.
Bd5 Ba7 77. Kg2 Bb8 78. Kf1 Kf8 79. Ke2 Ke7 80. Kd3 Kd6 81. Be4 Kc5 82. Kc3 Ba7 83.
Kb3 Kb5 84. Bd3+ Kc5 85. Ka4 Kb6 86. Be4 Bb8 87. Kb4 Kc7 88. Kc5 Ba7+ 89. Kd5 Kd7 90. Bd3 Bb8 91. Bb5+ Ke7 92. Kc6 Kd8 93. Bc4 Ke7 94.
Bd5 Kd8 95. Be4 Ke7 96. Bd3 Kd8 97. Be2 Ke7 98. Kd5 Bc7 99. Bb5 Bb8 100. Kc5 Kd8 101. Kc6 Ke7 102. Bc4 Kd8 103. Be6 Ke7 104. Bc8 Kd8 105. Kd5 Ke7 106. Ke4 Bc7 107. Ke3 Bb6+ 108. Kd3 Ba7 109.
Be6 Kd6 110. Kc4 Bb8 111. Bf7 Ba7 112. Kb5 Kc7 113. Ka6 Bb8 114. Bd5 Kd6 115. Be4 Kc7 116. Kb5 Ba7 1/2-1/2

[Event "Late-Titled-Tuesday-Blitz-April-02-2024"]
[Site "Chess.com"]
[Date "2024.04.02"]
[Round "11"]
[White "RealPerangel"]
[Black "xasid81"]
[Result "1-0"]
[WhiteElo "2576"]
[BlackElo "2642"]
[TimeControl "180+1"]
[EndTime "15:59:36 PDT"]
[Termination "RealPerangel won by checkmate"]

1. e4 Nc6 2. d4 e5 3. dxe5 Nxe5 4.
f4 Ng6 5. Nc3 Bb4 6. Qf3 d6 7.
Bd2 Nf6 8. h3 O-O 9. O-O-O Re8 10.
Bd3 Nd7 11. h4 Nc5 12. h5 Nxd3+ 13. Qxd3 Nf8 14. h6 Ne6 15. hxg7 Nc5 16. Qf3 Bxc3 17.
Bxc3 Nxe4 18. Qh5 Bf5 19. Qxf5 Ng3 20. Qxh7# 1-0

[Event "Late-Titled-Tuesday-Blitz-April-02-2024"]
[Site "Chess.com"]
[Date "2024.04.02"]
[Round "11"]
[White "ChessBrainiacOnTwitch"]
[Black "sacrifoice"]
[Result "0-1"]
[WhiteElo "2776"]
[BlackElo "2339"]
[TimeControl "180+1"]
[EndTime "15:59:53 PDT"]
[Termination "sacrifoice won by resignation"]

1. e4 c5 2. Nf3 d6 3. Nc3 Nf6 4. e5 dxe5 5. Nxe5 e6 6. Bb5+ Nbd7 7. d4 cxd4 8. Qxd4 Be7 9. Bg5 O-O 10. O-O-O Nxe5 11. Qxe5 Qa5 12. Qf4 a6 13. Bxf6 Bxf6 14. Bc4 Bg5 0-1

[Event "Late-Titled-Tuesday-Blitz-April-02-2024"]
[Site "Chess.com"]
[Date "2024.04.02"]
[Round "11"]
[White "Bryanl106"]
[Black "ozates"]
[Result "1-0"]
[WhiteElo "2690"]
[BlackElo "2577"]
[TimeControl "180+1"]
[EndTime "16:00:00 PDT"]
[Termination "Bryanl106 won by resignation"]

1. e4 c5 2. Nf3 Nc6 3. d4 cxd4 4. Nxd4 e5 5. Nb5 d6 6. N1c3 a6 7. Na3 b5 8. Nd5 Nge7 9. Bg5 f6 10. Be3 Nxd5 11.
exd5 Ne7 12. c4 Nf5 13. Bd2 Be7 14. cxb5 O-O 15. bxa6 Qe8 16. Bd3 Nd4 17. O-O f5 18.
Bc3 f4 19. Bxd4 exd4 20. Qf3 Bxa6 21. Bxa6 Rxa6 22. Nc2 Bf6 23. Nb4 Rb6 24. a3 g5 25.
h3 Qg6 26. Rfe1 Be5 27. Nc6 Rxb2 28. Ne7+ Kg7 29. Nxg6 hxg6 30. Rab1 Ra2 31. Rb7+ Kh6 32. h4 Ra8 33. Qg4 1-0

[Event "Late-Titled-Tuesday-Blitz-April-02-2024"]
[Site "Chess.com"]
[Date "2024.04.02"]
[Round "11"]
[White "PapaieDudu"]
[Black "N_Mullodzhanov"]
[Result "0-1"]
[WhiteElo "2392"]
[BlackElo "2547"]
[TimeControl "180+1"]
[EndTime "16:00:08 PDT"]
[Termination "N_Mullodzhanov won by resignation"]

1. Nf3 d5 2. d4 Nf6 3. c4 c6 4.
Nc3 g6 5. Bf4 Bg7 6. e3 O-O 7. Bd3 Nbd7 8. h3 Re8 9. O-O dxc4 10. Bxc4 Nb6 11. Bb3 Bf5 12. Rc1 a5 13. a4 Nbd5 14.
Ne5 Nxf4 15. Bxf7+ Kh8 16. Bxe8 Nxh3+ 17. gxh3 Qxe8 18. Qf3 Rd8 19. e4 Be6 20. Rcd1 Nh5 21. Ng4 Bxd4 22. Rxd4 Rxd4 23. Qe3 Rd8 24. f4 Nf6 25. f5 gxf5 26. exf5 Bd5 27. Re1 Nxg4 28. h4 Nxe3 0-1

[Event "Late-Titled-Tuesday-Blitz-April-02-2024"]
[Site "Chess.com"]
[Date "2024.04.02"]
[Round "11"]
[White "cthake"]
[Black "xberli"]
[Result "0-1"]
[WhiteElo "1815"]
[BlackElo "2602"]
[TimeControl "180+1"]
[EndTime "16:00:17 PDT"]
[Termination "xberli won by resignation"]

1. e4 c5 2. Nf3 e6 3. d4 cxd4 4.
Nxd4 Nf6 5. Bd3 Nc6 6. Nxc6 bxc6 7. O-O d5 8. exd5 cxd5 9. Bb5+ Bd7 10. Bxd7+ Qxd7 11.
Nc3 Be7 12. Re1 O-O 13. Bg5 Rfd8 14. Qd4 Rac8 15. Rad1 h6 16. Bh4 Qb7 17. Rb1 Rc4 18. Nxd5 Rxd4 0-1

[Event "Late-Titled-Tuesday-Blitz-April-02-2024"]
[Site "Chess.com"]
[Date "2024.04.02"]
[Round "11"]
[White "Flaccidmoves"]
[Black "Caracal3000"]
[Result "1-0"]
[WhiteElo "2427"]
[BlackElo "2526"]
[TimeControl "180+1"]
[EndTime "16:00:19 PDT"]
[Termination "Flaccidmoves won by resignation"]

1. c4 e6 2. g3 d5 3. Bg2 Nf6 4. Nf3 Be7 5. O-O O-O 6. d4 dxc4 7. Qc2 a6 8. a4 Bd7 9. Rd1 Bc6 10. Qxc4 Nbd7 11.
a5 Rc8 12. Nc3 Ne4 13. d5 Nxc3 14. dxc6 Nxd1 15. cxd7 Qxd7 16. Ne5 Qb5 17. Qxb5 axb5 18.
Bxb7 Rb8 19. a6 Bf6 20. Nc6 Bxb2 21. Bxb2 Nxb2 22. Nxb8 Rxb8 23. a7 1-0

[Event "Late-Titled-Tuesday-Blitz-April-02-2024"]
[Site "Chess.com"]
[Date "2024.04.02"]
[Round "11"]
[White "Slovineanu"]
[Black "carloseduar100"]
[Result "0-1"]
[WhiteElo "2465"]
[BlackElo "2262"]
[TimeControl "180+1"]
[EndTime "16:00:33 PDT"]
[Termination "carloseduar100 won by resignation"]

1. d4 d5 2. Nf3 e6 3. c4 a6 4. e3 dxc4 5. Bxc4 b5 6. Bd3 Bb7 7.
O-O Nf6 8. Nbd2 Bd6 9. e4 Be7 10. Re1 c5 11. e5 Nd5 12. Ne4 cxd4 13. Bg5 O-O 14. a4 h6 15. Bxe7 Nxe7 16. axb5 axb5 17.
Rxa8 Bxa8 18. Bxb5 Nf5 19. g4 Nh4 20. Nxd4 Qxd4 21.
Qxd4 Nf3+ 22. Kg2 Nxd4 23. Bd3 Nd7 24. f4 Nc5 25. Bc2 Nxc2 0-1

[Event "Late-Titled-Tuesday-Blitz-April-02-2024"]
[Site "Chess.com"]
[Date "2024.04.02"]
[Round "11"]
[White "TheMagician"]
[Black "FREZZY23"]
[Result "0-1"]
[WhiteElo "2306"]
[BlackElo "2419"]
[TimeControl "180+1"]
[EndTime "16:01:00 PDT"]
[Termination "FREZZY23 won by checkmate"]

1. e4 c5 2. Nf3 d6 3. d4 cxd4 4. Nxd4 Nf6 5. Nc3 a6 6. Bg5 e6 7. f4 Be7 8. Qf3 Qc7 9. O-O-O Nbd7 10. g4 b5 11. Bxf6 Nxf6 12. g5 Nd7 13. f5 Bxg5+ 14. Kb1 O-O 15. fxe6 fxe6 16. Qh5 Qc5 17. Nxe6 Qe5 18.
Nxf8 Nf6 19. Qe2 Bg4 20. Qd3 Bxd1 21. Qxd1 Rxf8 22. a4 b4 23. Nd5 Nxe4 24. Bc4 Nd2+ 25. Ka2 Nxc4 26. Qd3 Qxb2# 0-1

[Event "Late-Titled-Tuesday-Blitz-April-02-2024"]
[Site "Chess.com"]
[Date "2024.04.02"]
[Round "11"]
[White "WilsonPalencia21"]
[Black "GaiozNigalidze"]
[Result "0-1"]
[WhiteElo "2601"]
[BlackElo "2724"]
[TimeControl "180+1"]
[EndTime "16:01:11 PDT"]
[Termination "GaiozNigalidze won on time"]

1. d4 Nf6 2. c4 c5 3. d5 b5 4.
cxb5 a6 5. bxa6 e6 6. Nc3 exd5 7.
Nxd5 Be7 8. Nf3 O-O 9. e3 Nxd5 10. Qxd5 Nc6 11. Bc4 Bxa6 12. Bxa6 Qa5+ 13. Qd2 Qxa6 14.
Qe2 Nb4 15. Qxa6 Rxa6 16. Ke2 Nxa2 17. Bd2 Rb8 18. Rhb1 Bf6 19. Bc3 Bxc3 20. bxc3 Rxb1 21. Rxb1 Nxc3+ 0-1

[Event "Late-Titled-Tuesday-Blitz-April-02-2024"]
[Site "Chess.com"]
[Date "2024.04.02"]
[Round "11"]
[White "fmcabralis"]
[Black "Lady_Nika"]
[Result "0-1"]
[WhiteElo "2385"]
[BlackElo "2515"]
[TimeControl "180+1"]
[EndTime "16:01:28 PDT"]
[Termination "Lady_Nika won by resignation"]

1. e4 e6 2. d4 d5 3. Nc3 Nf6 4. e5 Nfd7 5. f4 c5 6. Nf3 Nc6 7. Be3 a6 8. Qd2 b5 9. h4 Bb7 10. h5 Qb6 11. g4 O-O-O 12. a4 b4 13. Ne2 a5 14. Bg2 cxd4 15. Nexd4 Bc5 16. Rd1 Ba6 17. Kf2 Nxd4 18. Nxd4 f6 19. exf6 Nxf6 20. Kg3 Ne4+ 21.
Bxe4 dxe4 22. c3 Bd3 23. Rc1 b3 24. Qf2 Rd5 25. Rhe1 Rf8 26. Nxb3 Bxe3 27. Qxe3 Qxb3 28. Qa7 Qb8 29. Qa6+ Bxa6 0-1

[Event "Late-Titled-Tuesday-Blitz-April-02-2024"]
[Site "Chess.com"]
[Date "2024.04.02"]
[Round "11"]
[White "Veganator13"]
[Black "DeArron_Fox"]
[Result "1-0"]
[WhiteElo "2329"]
[BlackElo "2521"]
[TimeControl "180+1"]
[EndTime "16:01:38 PDT"]
[Termination "Veganator13 won by resignation"]

1. c4 e6 2. g3 d5 3. Bg2 Nf6 4.
Nf3 Be7 5. O-O O-O 6. b3 b6 7.
Bb2 Bb7 8. Nc3 c5 9. e3 Nc6 10. cxd5 exd5 11. d4 Rc8 12. Rc1 a6 13. Ne5 Re8 14.
Nxc6 Bxc6 15. dxc5 bxc5 16. Ne2 Ne4 17. Nf4 Bg5 18. Qg4 Bf6 19. Bxf6 Qxf6 20. Bxe4 dxe4 21.
Rxc5 Bb5 22. Rxc8 1-0

[Event "Late-Titled-Tuesday-Blitz-April-02-2024"]
[Site "Chess.com"]
[Date "2024.04.02"]
[Round "11"]
[White "Aygehovit1992"]
[Black "Jospem"]
[Result "0-1"]
[WhiteElo "2860"]
[BlackElo "3032"]
[TimeControl "180+1"]
[EndTime "16:01:43 PDT"]
[Termination "Jospem won by resignation"]

1. e4 c5 2. Nf3 d6 3. Bb5+ Nd7 4. O-O a6 5. Bxd7+ Bxd7 6. c3 Nf6 7. Re1 Bc6 8. d4 Bxe4 9. Bg5 Bc6 10. Bxf6 gxf6 11.
d5 Bd7 12. Nbd2 Qc7 13. b4 Rg8 14. Ne4 O-O-O 15. bxc5 dxc5 16. c4 Kb8 17. Rb1 f5 18.
d6 Qc8 19. dxe7 Bxe7 20. Nd6 Bxd6 21. Qxd6+ Ka8 22. Re7 Bc6 23. Qf4 Rg4 24. Qe3 f4 25. Qe2 Rxg2+ 26. Kxg2 Qg4+ 27. Kf1 Bxf3 0-1

[Event "Late-Titled-Tuesday-Blitz-April-02-2024"]
[Site "Chess.com"]
[Date "2024.04.02"]
[Round "11"]
[White "shimastream"]
[Black "mishanick"]
[Result "1/2-1/2"]
[WhiteElo "3043"]
[BlackElo "3066"]
[TimeControl "180+1"]
[EndTime "16:01:50 PDT"]
[Termination "Game drawn by agreement"]

1. e4 c5 2. Nf3 d6 3. Nc3 Nf6 4. d4 cxd4 5. Qxd4 Nc6 6. Bb5 Bd7 7. Qd3 g6 8. O-O Bg7 9. Nd5 a6 10.
Bc4 Nxd5 11. Bxd5 O-O 12. c3 Qc7 13. Bg5 Bg4 14. h3 Bxf3 15. Qxf3 e6 16. Bb3 Na5 17.
Rfd1 h6 18. Bf4 Rad8 19. Rd2 Rd7 20. Rad1 Rfd8 21. Qg3 Nxb3 22. axb3 Qc6 23. Qe3 Kh7 24. b4 e5 25. Bg3 d5 26. exd5 Rxd5 27. f3 f5 28. Bf2 Rxd2 29. Rxd2 Rxd2 30. Qxd2 Bf6 31.
Be3 1/2-1/2

[Event "Late-Titled-Tuesday-Blitz-April-02-2024"]
[Site "Chess.com"]
[Date "2024.04.02"]
[Round "11"]
[White "protectiago"]
[Black "DraningWaterHi"]
[Result "0-1"]
[WhiteElo "2042"]
[BlackElo "2257"]
[TimeControl "180+1"]
[EndTime "16:01:52 PDT"]
[Termination "DraningWaterHi won by resignation"]

1. d4 Nf6 2. c4 e6 3. g3 c5 4. d5 b5 5. dxe6 fxe6 6. Bg2 d5 7. cxd5 exd5 8. Nc3 Bb7 9. Nxb5 Be7 10. e3 Nc6 11.
Ne2 Qa5+ 12. Nbc3 d4 13. exd4 cxd4 14. Nxd4 Rd8 15. Bxc6+ Bxc6 16. O-O Ba8 17. Be3 O-O 18. Qb3+ Kh8 19. Ne6 Rb8 20. Qa4 Qf5 21. Ng5 h6 22. Qh4 Ng4 23. Bf4 Bxg5 24. Bxg5 Qf3 0-1

[Event "Late-Titled-Tuesday-Blitz-April-02-2024"]
[Site "Chess.com"]
[Date "2024.04.02"]
[Round "11"]
[White "FredddieCroderg"]
[Black "Crazy_girl99"]
[Result "0-1"]
[WhiteElo "2387"]
[BlackElo "2603"]
[TimeControl "180+1"]
[EndTime "16:02:03 PDT"]
[Termination "Crazy_girl99 won by resignation"]

1. d4 Nf6 2. c4 e6 3. Nf3 Bb4+ 4.
Nbd2 d5 5. a3 Be7 6. g3 c5 7.
cxd5 cxd4 8. Nxd4 Qxd5 9. N2f3 e5 10. Nc2 Qxd1+ 11. Kxd1 O-O 12. Bg2 Nc6 13. Bg5 Be6 14.
Ne3 Bc5 15. Bxf6 gxf6 16. Kc2 e4 17. Nh4 Nd4+ 18. Kd1 Rfd8 19. Ke1 f5 20. Bh3 f4 21. Bxe6 fxe3 22. fxe3 Nc2+ 23. Kf2 Nxa1 0-1

[Event "Late-Titled-Tuesday-Blitz-April-02-2024"]
[Site "Chess.com"]
[Date "2024.04.02"]
[Round "11"]
[White "Kavyev_Ruslan"]
[Black "Itay121"]
[Result "1-0"]
[WhiteElo "2428"]
[BlackElo "2546"]
[TimeControl "180+1"]
[EndTime "16:02:04 PDT"]
[Termination "Kavyev_Ruslan won by checkmate"]

1. d4 c5 2. Nf3 cxd4 3. Nxd4 d5 4. e3 Nf6 5. c4 e5 6. Nf3 e4 7. Nd4 Bb4+ 8. Bd2 Be7 9. Nc3 Nc6 10. Nxc6 bxc6 11. cxd5 cxd5 12. Bb5+ Bd7 13. Qa4 Bxb5 14. Qxb5+ Qd7 15. Qxd7+ Kxd7 16. O-O-O Rhc8 17. Kb1 Rab8 18. Be1 Ke6 19. Ka1 Bd6 20. f3 Be5 21. Bg3 Rb4 22.
Bxe5 Kxe5 23. Rd2 d4 24. exd4+ Rxd4 25. f4+ Kxf4 26. Rxd4 Ke3 27. Rhd1 Re8 28. a3 Ng4 29. Rd7 Ne5 30. Re1+ Kf2 31. Re2+ Kf1 32. Rd1# 1-0

[Event "Late-Titled-Tuesday-Blitz-April-02-2024"]
[Site "Chess.com"]
[Date "2024.04.02"]
[Round "11"]
[White "djano"]
[Black "AlexeiShirov"]
[Result "0-1"]
[WhiteElo "2651"]
[BlackElo "2802"]
[TimeControl "180+1"]
[EndTime "16:02:10 PDT"]
[Termination "AlexeiShirov won by checkmate"]

1. e4 e5 2. d4 exd4 3. Bc4 Nf6 4. Nf3 Nc6 5. Ng5 d5 6. exd5 Qe7+ 7. Kf1 Ne5 8. b3 h6 9. Ba3 Qd8 10. Qe1 Bxa3 11.
Nxa3 Qe7 12. d6 cxd6 13. Ne4 O-O 14. Nxf6+ Qxf6 15. Rd1 Bg4 16. Rxd4 Rfe8 17. Qd2 Nf3 18. gxf3 Bh3+ 19. Kg1 Qg5+ 20. Qxg5 Re1+ 21. Bf1 Rxf1# 0-1

[Event "Late-Titled-Tuesday-Blitz-April-02-2024"]
[Site "Chess.com"]
[Date "2024.04.02"]
[Round "11"]
[White "Cuchulin"]
[Black "ChempionBg"]
[Result "1-0"]
[WhiteElo "2151"]
[BlackElo "2236"]
[TimeControl "180+1"]
[EndTime "16:02:11 PDT"]
[Termination "Cuchulin won on time"]

1. d4 Nf6 2. Bf4 d5 3. e3 c5 4. Nc3 Nc6 5. Nb5 e5 6. dxe5 Ne4 7. Qxd5 Bf5 8. Nd6+ Bxd6 9. exd6 Qa5+ 10. c3 Nxc3 11. Qxf5 Ne4+ 12. Ke2 Qd2+ 13. Kf3 Nxf2 14. d7+ Kf8 15.
Qxc5+ Kg8 16. Bc4 Nxh1 17. Ne2 1-0

[Event "Late-Titled-Tuesday-Blitz-April-02-2024"]
[Site "Chess.com"]
[Date "2024.04.02"]
[Round "11"]
[White "remyrushbrooke"]
[Black "giomar27"]
[Result "1-0"]
[WhiteElo "2291"]
[BlackElo "2480"]
[TimeControl "180+1"]
[EndTime "16:02:13 PDT"]
[Termination "remyrushbrooke won by resignation"]

1. Nf3 f6 2. d4 g6 3. g3 Nh6 4. Bg2 Nf7 5. c4 Bg7 6. Nc3 O-O 7. O-O d6 8. d5 e5 9. dxe6 Bxe6 10. b3 Nc6 11.
Bb2 f5 12. Qd2 Qd7 13. Nd5 Bxd5 14. cxd5 Nce5 15. Nd4 Rfe8 16. Rac1 c5 17. dxc6 bxc6 18. Nxc6 Rac8 19. Nxe5 Nxe5 20. Bd5+ Kh8 21. Rxc8 Rxc8 22. Rc1 h5 23. Rxc8+ Qxc8 24. Qc1 Qa6 25. Qc7 Qxe2 26.
Qd8+ Kh7 27. Qg8+ Kh6 28. Bc1+ g5 29. Bxg5+ Kg6 30. h4 Qxa2 31. Qe6+ Kh7 32. Qxf5+ Ng6 33. Be4 Qa1+ 34. Kg2 1-0

[Event "Late-Titled-Tuesday-Blitz-April-02-2024"]
[Site "Chess.com"]
[Date "2024.04.02"]
[Round "11"]
[White "expii"]
[Black "Cluke86"]
[Result "0-1"]
[WhiteElo "2228"]
[BlackElo "2325"]
[TimeControl "180+1"]
[EndTime "16:02:13 PDT"]
[Termination "Cluke86 won by resignation"]

1. e4 d6 2. d4 Nf6 3. Nc3 e5 4. Nf3 Nbd7 5. dxe5 dxe5 6. Bc4 Be7 7. O-O c6 8. Bg5 h6 9. Bxf6 Bxf6 10. Qd2 O-O 11. Rad1 Qc7 12. Qe3 b5 13. Bb3 a5 14. a4 b4 15. Ne2 Ba6 16. Rfe1 Nb6 17. c3 Rad8 18. Ng3 c5 19. Nf5 Rxd1 20. Rxd1 Rd8 21. Rxd8+ Bxd8 22. Nxh6+ gxh6 23. Qxh6 Bc4 24. Bc2 b3 25. Bd1 Qd7 26.
Nd2 Nxa4 27. h4 Qe6 28. Qh5 Nxb2 29. Bg4 Qg6 0-1

[Event "Late-Titled-Tuesday-Blitz-April-02-2024"]
[Site "Chess.com"]
[Date "2024.04.02"]
[Round "11"]
[White "smotherhubbard"]
[Black "SultaiC"]
[Result "0-1"]
[WhiteElo "2373"]
[BlackElo "2507"]
[TimeControl "180+1"]
[EndTime "16:02:24 PDT"]
[Termination "SultaiC won on time"]

1. d4 Nf6 2. c4 e6 3. Nf3 d5 4. g3 Bb4+ 5. Bd2 Bxd2+ 6. Nbxd2 O-O 7. Bg2 c6 8. O-O Nbd7 9. Qc2 Re8 10. e4 Nxe4 11.
Nxe4 dxe4 12. Qxe4 Nf6 13. Qc2 Qc7 14. Ne5 Bd7 15. Rad1 Rad8 16. f4 h6 17. Qb3 Bc8 18.
Kh1 Nd7 19. Qe3 Nxe5 20. fxe5 Qe7 21. Rf4 Qg5 22. Rdf1 Rf8 23. h4 Qe7 24. Be4 b5 25.
Bc2 c5 26. dxc5 bxc4 27. Kh2 Bb7 28. R1f2 h5 29. Qe2 g6 30. Qxc4 Rd5 31. b4 Rfd8 32. Qc3 Qd7 33. Rf6 Rd2 34. Bb3 Rxf2+ 35. Rxf2 Qc6 0-1

[Event "Late-Titled-Tuesday-Blitz-April-02-2024"]
[Site "Chess.com"]
[Date "2024.04.02"]
[Round "11"]
[White "MarceloPlaya"]
[Black "GoValya"]
[Result "1-0"]
[WhiteElo "2411"]
[BlackElo "2255"]
[TimeControl "180+1"]
[EndTime "16:02:27 PDT"]
[Termination "MarceloPlaya won by checkmate"]

1. e4 e6 2. d4 d5 3. Nc3 Bb4 4. e5 c5 5. a3 Bxc3+ 6. bxc3 Qa5 7. Bd2 Qa4 8. Nf3 Nc6 9. dxc5 Nge7 10. Bd3 Ng6 11.
Bxg6 hxg6 12. O-O Bd7 13. Be3 Qe4 14. Bd4 Qf5 15. Qd3 Qxd3 16. cxd3 Ke7 17. Rab1 Na5 18.
Rb4 Rh5 19. Rfb1 Bc6 20. Be3 f6 21. Bf4 g5 22. exf6+ gxf6 23. Bd6+ Kd7 24. Nd4 e5 25. Nxc6 Nxc6 26. Rxb7+ Ke6 27. Rc7 Nd8 28. g4 Rh4 29. Re7# 1-0

[Event "Late-Titled-Tuesday-Blitz-April-02-2024"]
[Site "Chess.com"]
[Date "2024.04.02"]
[Round "11"]
[White "N_I_Chess"]
[Black "Kostukov_Alex"]
[Result "1-0"]
[WhiteElo "2346"]
[BlackElo "2267"]
[TimeControl "180+1"]
[EndTime "16:02:28 PDT"]
[Termination "N_I_Chess won on time"]

1. d4 g6 2. c4 Bg7 3. Nc3 d6 4. e4 e5 5. Nf3 exd4 6. Nxd4 Nc6 7. Be3 Nge7 8. Be2 O-O 9. O-O f5 10. exf5 Bxd4 11. Bxd4 Nxf5 12. Be3 Nxe3 13. fxe3 Rxf1+ 14. Qxf1 Be6 15. Nd5 Kg7 16. Qe1 Ne5 17. Qc3 Qg5 18. Nf4 Bf7 19. c5 Re8 20. cxd6 cxd6 21. Rd1 Qe7 22. Qa3 a6 23. Qxd6 Qxd6 24. Rxd6 g5 25.
Nd5 1-0

[Event "Late-Titled-Tuesday-Blitz-April-02-2024"]
[Site "Chess.com"]
[Date "2024.04.02"]
[Round "11"]
[White "Ar4uha"]
[Black "JoakimVonAnd"]
[Result "1-0"]
[WhiteElo "2601"]
[BlackElo "2700"]
[TimeControl "180+1"]
[EndTime "16:02:29 PDT"]
[Termination "Ar4uha won by checkmate"]

1. e4 c6 2. d4 d5 3. exd5 cxd5 4. Bd3 Nc6 5. c3 Qc7 6. h3 e6 7. Nf3 Bd6 8. O-O Nge7 9. a4 f6 10. Na3 a6 11. Nc2 O-O 12. Ne3 e5 13. dxe5 fxe5 14.
Bc2 e4 15. Nxd5 Nxd5 16. Qxd5+ Kh8 17. Bxe4 Ne7 18. Qh5 Bf5 19. Bxf5 Nxf5 20. Ng5 g6 21. Qg4 Rae8 22. Bd2 Qb6 23. Bf4 Nh6 24. Qd7 Be7 25.
Be5+ Kg8 26. Ne6 Nf7 27. Nxf8 Kxf8 28. Bd4 Qxb2 29. Rab1 Qe2 30. Rfe1 Qc4 31. Rxb7 Bd6 32. Qxe8# 1-0

[Event "Late-Titled-Tuesday-Blitz-April-02-2024"]
[Site "Chess.com"]
[Date "2024.04.02"]
[Round "11"]
[White "rdarruda"]
[Black "Darkdefense15"]
[Result "1/2-1/2"]
[WhiteElo "2481"]
[BlackElo "2385"]
[TimeControl "180+1"]
[EndTime "16:02:32 PDT"]
[Termination "Game drawn by repetition"]

1. d4 Nf6 2. Nf3 e6 3. c4 d5 4. e3 Be7 5. Nc3 O-O 6. Bd3 a6 7.
cxd5 exd5 8. O-O Re8 9. Ne5 Nbd7 10. f4 Nf8 11. Qf3 c6 12. Bd2 g6 13. g4 Ne6 14. f5 Ng5 15. Qg2 Bd6 16. h4 Nge4 17.
Bxe4 Nxe4 18. Nxe4 Bxe5 19. fxg6 fxg6 20. dxe5 dxe4 21. Bc3 Qxh4 22. Rf4 Be6 23. g5 Qh5 24. Qg3 Rf8 25. Rf6 Rxf6 26. exf6 Rd8 27. f7+ Bxf7 28.
Rf1 Be6 29. Qe5 Qg4+ 30. Kh1 Qh3+ 31. Kg1 Qg4+ 32. Kh1 Qh3+ 33. Kg1 Qg4+ 1/2-1/2

[Event "Late-Titled-Tuesday-Blitz-April-02-2024"]
[Site "Chess.com"]
[Date "2024.04.02"]
[Round "11"]
[White "Onthequiet"]
[Black "HajiyevKanan"]
[Result "0-1"]
[WhiteElo "2433"]
[BlackElo "2597"]
[TimeControl "180+1"]
[EndTime "16:02:37 PDT"]
[Termination "HajiyevKanan won by resignation"]

1. d4 d5 2. Nf3 c5 3. e3 cxd4 4. exd4 Nc6 5. c3 Nf6 6. h3 Bf5 7. g4 Be4 8. Bg2 e6 9. Nbd2 Bd3 10. Nf1 Ba6 11. Ne3 Bd6 12. Bf1 Bxf1 13. Kxf1 O-O 14. Kg2 Ne4 15. Nd2 f5 16. Nxe4 fxe4 17. Nf1 Qh4 18. Be3 Rf3 19. Qe2 Raf8 20. b4 e5 21. b5 exd4 22. cxd4 Nb4 23. a3 Nd3 24. Ra2 Bf4 25. Qxd3 exd3 26. Kxf3 Bxe3+ 27. Kxe3 Qe7+ 28.
Kxd3 Qe4+ 29. Kc3 Qxh1 30. Ng3 Qxh3 0-1

[Event "Late-Titled-Tuesday-Blitz-April-02-2024"]
[Site "Chess.com"]
[Date "2024.04.02"]
[Round "11"]
[White "arturdailima"]
[Black "steepedgames"]
[Result "1/2-1/2"]
[WhiteElo "2389"]
[BlackElo "2504"]
[TimeControl "180+1"]
[EndTime "16:02:43 PDT"]
[Termination "Game drawn by agreement"]

1. Nf3 f5 2. d3 Nf6 3. e4 d6 4. Nc3 e5 5. exf5 Bxf5 6. d4 Nc6 7. dxe5 dxe5 8. Qxd8+ Rxd8 9. Bb5 Bxc2 10. Nxe5 Rd6 11. O-O Be7 12. Nxc6 bxc6 13. Bc4 Bd3 14. Bxd3 Rxd3 15.
Re1 Kf7 16. Be3 Bb4 17. Rec1 Bxc3 18. Rxc3 Rxc3 19. bxc3 Nd5 20. Bd4 c5 21. Bxc5 Nxc3 22. g3 a5 23. Kg2 Rb8 24. Bd4 Nd5 25. Rc1 Rb4 26. Be5 Ra4 27. Bxc7 Rxa2 28. Rc5 Nxc7 29. Rxc7+ Kf6 30. h4 a4 31. Ra7 a3 32. Kf3 Ra1 33.
Kf4 h6 34. Ra6+ Kf7 35. h5 a2 36. f3 Ke7 37. Kf5 Kf7 38. Ra7+ Kf8 39. g4 Rf1 40. Rxa2 Rxf3+ 41. Ke4 Rf6 42. Ra7 1/2-1/2

[Event "Late-Titled-Tuesday-Blitz-April-02-2024"]
[Site "Chess.com"]
[Date "2024.04.02"]
[Round "11"]
[White "Narek_Ghimoyan"]
[Black "ameetghasi100"]
[Result "0-1"]
[WhiteElo "2497"]
[BlackElo "2780"]
[TimeControl "180+1"]
[EndTime "16:02:50 PDT"]
[Termination "ameetghasi100 won by resignation"]

1. d4 g6 2. Nf3 d6 3. g3 Nf6 4.
Bg2 Bg7 5. c4 O-O 6. Nc3 c6 7.
O-O Qa5 8. e4 Qh5 9. e5 dxe5 10.
Nxe5 Qxd1 11. Rxd1 Ng4 12. Nxg4 Bxg4 13. f3 Bf5 14.
Be3 Na6 15. b3 Rfd8 16. g4 Be6 17. h3 Nb4 18. Rac1 a5 19. a3 Na6 20. f4 Bd7 21. Na4 Be8 22. Nb6 Rab8 23. d5 Bb2 24. Rc2 Bxa3 25. f5 Bc5 26. Bxc5 Nxc5 27. Rc3 Rd6 28. Re3 Kf8 29. Rde1 cxd5 30. Nxd5 e6 31. fxe6 fxe6 32. Nf6 Kg7 33. g5 b6 34. Ne4 Nxe4 35. Rxe4 Bf7 36. Rf4 Rbd8 37. Ref1 Bg8 38. Be4 Rd2 39.
h4 Rb2 40. h5 gxh5 41. Rf6 Rd4 42. Bb1 Rg4+ 43. Kh1 Rxg5 44. R6f3 Rg4 45. Re3 Bf7 46. Be4 Rh4+ 47. Kg1 Rg4+ 48. Kh1 Bg6 49. Bf3 Rh4+ 50. Kg1 Bf5 51. Rd1 Rh3 52. Rd7+ Kf6 53. Rxh7 Bxh7 0-1

[Event "Late-Titled-Tuesday-Blitz-April-02-2024"]
[Site "Chess.com"]
[Date "2024.04.02"]
[Round "11"]
[White "Grischuk"]
[Black "stollenmonster"]
[Result "1-0"]
[WhiteElo "3056"]
[BlackElo "2868"]
[TimeControl "180+1"]
[EndTime "16:02:54 PDT"]
[Termination "Grischuk won by checkmate"]

1. d4 Nf6 2. c4 e6 3. Bg5 d5 4. e3 Be7 5. Nc3 Ne4 6. Bxe7 Qxe7 7.
cxd5 Nxc3 8. bxc3 exd5 9. Qb3 c6 10. c4 dxc4 11. Bxc4 O-O 12. Ne2 Nd7 13. O-O Nb6 14.
Bd3 Be6 15. Qc2 h6 16. Nf4 Nd5 17. Nxe6 Qxe6 18. Rab1 Rab8 19. Rfc1 Rfe8 20. Qb3 Qd6 21. Bc4 Re7 22. Bxd5 cxd5 23. Rc5 Rd7 24. Rbc1 b6 25. Rc6 Qe7 26. a4 Re8 27. h3 g6 28. Qb5 Kg7 29.
a5 bxa5 30. Qxa5 Rb8 31. Qc5 Qe4 32. Rc7 Rb7 33. Rc8 Re7 34. Qd6 Rbd7 35. Qb8 h5 36. Rg8+ Kh6 37. Rh8+ Kg5 38. Rc6 Re6 39. Rxe6 Qxe6 40.
Qf4# 1-0